[ AOE2 MATCH · #505044055 ]
UnrankedPersians vs Chinese
Player's team · LOSS
Rival team · WIN
[ REPLAY ANALYSIS · EXTRACTED FROM THE RECORDED GAME ]
Feudal
—
Castle
—
Imperial
—
| APM avg | 46.8 |
| APM peak | 112 |
| eAPM avg | 16.5 |
| Villagers / military | 25 / 0 |
Focus
⚔️ 21.3% · 🌾 78.7%
Feudal
14:54
Castle
—
Imperial
—
| APM avg | 37.8 |
| APM peak | 84 |
| eAPM avg | 19.8 |
| Villagers / military | 34 / 4 |
Focus
⚔️ 39.6% · 🌾 60.4%
Archer ×4
Match map
Initial resources + every placement click. Lines = walls · curves = elevation contours. ◆ gold · ⬟ stone · ● berries · ✦ relic · ◌ wall gap
Your base· Open — 4t gap
Maty's base· Open — 6t gap
Smoothed initial terrain · ◌ = detected wall gap · hover for details
Inputs per minute
— 日本人 - - Maty
Build order — 日本人
34 actions detected in the replay
| 0:02 | Queue | Villager (Male) |
| 0:02 | Queue | Villager (Male) |
| 0:05 | Build | House |
| 0:06 | Build | House |
| 0:07 | Queue | Villager (Male) |
| 0:07 | Queue | Villager (Male) |
| 0:23 | Queue | Villager (Male) |
| 1:45 | Queue | Villager (Male) |
| 1:57 | Queue | Villager (Male) |
| 3:06 | Queue | Villager (Male) |
| 3:07 | Queue | Villager (Male) |
| 3:07 | Queue | Villager (Male) |
| 4:05 | Queue | Villager (Male) |
| 4:07 | Research | Loom |
| 5:25 | Build | Town Center |
| 9:48 | Queue | Villager (Male) |
| 10:44 | Queue | Villager (Male) |
| 11:29 | Queue | Villager (Male) |
| 11:44 | Queue | Villager (Male) |
| 11:57 | Build | House |
| 12:20 | Queue | Villager (Male) |
| 13:02 | Queue | Villager (Male) |
| 13:08 | Build | Lumber Camp |
| 13:31 | Queue | Villager (Male) |
| 13:45 | Queue | Villager (Male) |
| 14:12 | Build | Mill |
| 14:14 | Queue | Villager (Male) |
| 14:32 | Build | House |
| 15:19 | Queue | Villager (Male) |
| 15:19 | Queue | Villager (Male) |
| 15:19 | Queue | Villager (Male) |
| 15:32 | Queue | Villager (Male) |
| 15:33 | Queue | Villager (Male) |
| 17:29 | Build | Town Center |
Build order — Maty
85 actions detected in the replay
| 0:03 | Research | Loom |
| 0:42 | Queue | Villager (Male) |
| 0:43 | Queue | Villager (Male) |
| 1:03 | Queue | Villager (Male) |
| 1:04 | Queue | Villager (Male) |
| 1:21 | Queue | Villager (Male) |
| 1:55 | Queue | Villager (Male) |
| 1:55 | Queue | Villager (Male) |
| 2:00 | Build | Lumber Camp |
| 2:08 | Queue | Villager (Male) |
| 2:08 | Queue | Villager (Male) |
| 2:36 | Queue | Villager (Male) |
| 2:36 | Queue | Villager (Male) |
| 2:36 | Queue | Villager (Male) |
| 3:14 | Build | House |
| 3:31 | Queue | Villager (Male) |
| 3:31 | Queue | Villager (Male) |
| 3:36 | Queue | Villager (Male) |
| 3:36 | Queue | Villager (Male) |
| 3:36 | Queue | Villager (Male) |
| 4:02 | Queue | Villager (Male) |
| 4:31 | Build | Mill |
| 4:41 | Queue | Villager (Male) |
| 4:54 | Build | House |
| 5:14 | Queue | Villager (Male) |
| 6:01 | Queue | Villager (Male) |
| 6:01 | Queue | Villager (Male) |
| 6:29 | Queue | Villager (Male) |
| 6:35 | Queue | Villager (Male) |
| 6:55 | Build | Mill |
| 7:37 | Queue | Villager (Male) |
| 7:44 | Queue | Villager (Male) |
| 8:12 | Build | House |
| 8:50 | Research | Feudal Age |
| 8:50 | Research | Feudal Age |
| 9:55 | Build | Lumber Camp |
| 10:02 | Build | Palisade Wall |
| 10:19 | Build | Palisade Wall |
| 10:22 | Build | Palisade Wall |
| 11:16 | Build | Town Center |
| 11:32 | Build | Palisade Wall |
| 11:34 | Build | Palisade Wall |
| 11:34 | Build | Palisade Wall |
| 11:36 | Build | Palisade Wall |
| 11:37 | Build | Palisade Wall |
| 12:19 | Queue | Villager (Male) |
| 12:20 | Queue | Villager (Male) |
| 12:29 | Build | Palisade Wall |
| 12:35 | Build | Palisade Wall |
| 12:36 | Build | Palisade Wall |
| 12:37 | Build | Palisade Wall |
| 12:37 | Build | Palisade Wall |
| 12:38 | Build | Palisade Wall |
| 12:43 | Research | Feudal Age |
| 13:10 | Build | Barracks |
| 13:31 | Build | Mill |
| 13:38 | Build | House |
| 13:41 | Build | House |
| 14:19 | Build | Palisade Wall |
| 14:54 | Age | Feudal Age |
| 15:01 | Build | Archery Range |
| 15:02 | Queue | Villager (Male) |
| 15:02 | Queue | Villager (Male) |
| 15:18 | Build | Outpost |
| 15:23 | Research | Town Watch |
| 15:24 | Research | Double-Bit Axe |
| 15:30 | Build | Mining Camp |
| 15:42 | Build | Farm |
| 15:45 | Build | Farm |
| 15:47 | Build | Farm |
| 15:50 | Queue | Villager (Male) |
| 15:50 | Queue | Villager (Male) |
| 15:55 | Queue | Archer |
| 15:55 | Queue | Archer |
| 15:59 | Build | Mining Camp |
| 16:12 | Build | House |
| 16:27 | Build | Farm |
| 16:28 | Queue | Villager (Male) |
| 16:43 | Build | Farm |
| 16:51 | Queue | Archer |
| 16:51 | Queue | Archer |
| 17:07 | Queue | Villager (Male) |
| 17:22 | Build | House |
| 17:25 | Build | House |
| 17:35 | Build | Palisade Wall |
Match timeline
| 10:02 | Maty · wall_segment Palisade Wall x1 |
| 10:19 | Maty · wall_segment Palisade Wall x1 |
| 10:22 | Maty · wall_segment Palisade Wall x1 |
| 11:32 | Maty · wall_segment Palisade Wall x1 |
| 11:34 | Maty · wall_segment Palisade Wall x1 |
| 11:34 | Maty · wall_segment Palisade Wall x1 |
| 11:36 | Maty · wall_segment Palisade Wall x1 |
| 11:37 | Maty · wall_segment Palisade Wall x1 |
| 12:29 | Maty · wall_segment Palisade Wall x1 |
| 12:35 | Maty · wall_segment Palisade Wall x1 |
| 12:36 | Maty · wall_segment Palisade Wall x1 |
| 12:37 | Maty · wall_segment Palisade Wall x1 |
| 12:37 | Maty · wall_segment Palisade Wall x1 |
| 12:38 | Maty · wall_segment Palisade Wall x1 |
| 13:10 | Maty · first_building Barracks |
| 14:19 | Maty · wall_segment Palisade Wall x1 |
| 14:54 | Maty · age_up feudal |
| 15:01 | Maty · first_building Archery Range |
| 17:35 | Maty · wall_segment Palisade Wall x1 |
[ AI ANALYSIS · 1 CREDIT ]
What really happened in this match?
Wolo.gg analyzes every decision: build order, eco, micro, common mistakes by bracket. Personalized analysis on WhatsApp or Discord in 30 seconds.
Civ guide
Persians
Perfil
Jugador #245540